APP
ELIZABETHTON TWINS @ OAKLAND (APP) ATHLETICS
09/01/2045
 
TOP OF THE 1ST
Elizabethton Twins batting - Pitching for Oakland (APP) Athletics : RHP Brad Shafer
Pitching: RHP Brad Shafer
Batting: RHB Andrew Nicol 0-0: Swinging Strike
0-1: Ball
1-1: Called Strike
1-2: Strikes out swinging
Batting: SHB Dan Morataya 0-0: Ball
1-0: Called Strike
1-1: Called Strike
1-2: Strikes out looking
Batting: LHB David Campbell 0-0: Fly out, F7 (Flyball, 7S, EV 90.0 MPH)
Top of the 1st over - 0 runs, 0 hits, 0 errors, 0 left on base; Elizabethton 0 - Oakland (APP) 0
BOTTOM OF THE 1ST
Oakland (APP) Athletics batting - Pitching for Elizabethton Twins : LHP Kevin Drew
Pitching: LHP Kevin Drew
Batting: SHB Robert Santiago 0-0: Ball
1-0: Ball
2-0: Ball
3-0: Called Strike
3-1: Base on Balls
Batting: RHB Matt Sherard 0-0: Called Strike
0-1: Fielders Choice at 2nd, 5-4 (Groundball, 56S, EV 93.8 MPH)
Batting: RHB Scott Wiggs 0-0: Ball
Matt Sherard steals 2nd base
1-0: Ball
2-0: Foul Ball, location: 2F
2-1: Ball
3-1: Base on Balls
Batting: RHB Matt Black 0-0: Foul Ball, location: 2F
0-1: Foul Ball, location: 2F
0-2: Foul Ball, location: 2F
0-2: Foul Ball, location: 2F
0-2: Foul Ball, location: 2F
0-2: Ball
1-2: 3-RUN HOME RUN (Flyball, 7D, EV 101.9 MPH), Distance : 382 ft
Batting: RHB Moses Brokken 0-0: Ball
1-0: Called Strike
1-1: Foul Ball, location: 2F
1-2: Ball
2-2: Strikes out swinging
Batting: RHB Manny Vizzerra 0-0: Called Strike
0-1: Called Strike
0-2: Fly out, F7 (Flyball, 7LD, EV 96.2 MPH)
Bottom of the 1st over - 3 runs, 1 hit, 0 errors, 0 left on base; Elizabethton 0 - Oakland (APP) 3
TOP OF THE 2ND
Elizabethton Twins batting - Pitching for Oakland (APP) Athletics : RHP Brad Shafer
Batting: RHB Nick Phipps 0-0: Ball
1-0: Swinging Strike
1-1: Called Strike
1-2: Strikes out swinging
Batting: LHB Jose Cotto 0-0: Ball
1-0: Ball
2-0: Ball
3-0: Base on Balls
Batting: RHB Rick Kendall 0-0: SINGLE (Groundball, 4MD, EV 111.2 MPH)
Jose Cotto to second
Batting: RHB Andrew Rich 0-0: Ball
1-0: Foul Ball, location: 2F
1-1: Foul Ball, location: 2F
1-2: Strikes out swinging
Batting: RHB Alex Belton 0-0: Called Strike
0-1: Ball
1-1: DOUBLE (Groundball, 5L, EV 102.5 MPH)
Jose Cotto scores
Rick Kendall to third
Runner from 3rd tries for Home, SAFE, throw by LF to home
Batting: SHB Nate Januchowski 0-0: Called Strike
0-1: Foul Ball, location: 2F
0-2: Ball
1-2: Strikes out swinging
Top of the 2nd over - 2 runs, 2 hits, 0 errors, 1 left on base; Elizabethton 2 - Oakland (APP) 3
BOTTOM OF THE 2ND
Oakland (APP) Athletics batting - Pitching for Elizabethton Twins : LHP Kevin Drew
Batting: LHB Miguel Torres 0-0: Ball
1-0: Ball
2-0: Ball
3-0: Base on Balls
Batting: RHB Zack DiCicco 0-0: Called Strike
0-1: Ball
1-1: Ball
2-1: Swinging Strike
2-2: Strikes out looking
Batting: SHB George Marshall 0-0: Ball
1-0: Grounds into double play, 3-6-3 (Groundball, 34, EV 81.9 MPH)
Bottom of the 2nd over - 0 runs, 0 hits, 0 errors, 0 left on base; Elizabethton 2 - Oakland (APP) 3
TOP OF THE 3RD
Elizabethton Twins batting - Pitching for Oakland (APP) Athletics : RHP Brad Shafer
Batting: RHB Andrew Nicol 0-0: Ball
1-0: Ball
2-0: Foul Ball, location: 2F
2-1: Fly out, F9 (Flyball, 89D, EV 104.4 MPH)
Batting: SHB Dan Morataya 0-0: Called Strike
0-1: Foul Ball, location: 2F
0-2: Ball
1-2: Foul Ball, location: 2F
1-2: Ball
2-2: Foul Ball, location: 2F
2-2: Ball
3-2: Strikes out swinging
Batting: LHB David Campbell 0-0: Ball
1-0: Ball
2-0: Ball
3-0: Base on Balls
Batting: RHB Nick Phipps 0-0: Called Strike
0-1: Called Strike
0-2: Ball
1-2: SINGLE (Groundball, 6D, EV 101.2 MPH)
David Campbell to second
Batting: LHB Jose Cotto 0-0: Called Strike
0-1: Swinging Strike
0-2: Fielders Choice at 2nd, 6-4 (Groundball, 6, EV 101.9 MPH)
Top of the 3rd over - 0 runs, 1 hit, 0 errors, 2 left on base; Elizabethton 2 - Oakland (APP) 3
BOTTOM OF THE 3RD
Oakland (APP) Athletics batting - Pitching for Elizabethton Twins : LHP Kevin Drew
Batting: SHB Robert Santiago 0-0: Ground out 6-3 (Groundball, 6, EV 89.4 MPH)
Batting: RHB Matt Sherard 0-0: DOUBLE (Flyball, 78XD, EV 113.1 MPH)
Batting: RHB Scott Wiggs 0-0: Ball
1-0: Foul Ball, location: 2F
1-1: Foul Ball, location: 2F
1-2: Fly out, F8 (Flyball, 8RD, EV 103.1 MPH)
Batting: RHB Matt Black 0-0: Ball
1-0: Called Strike
1-1: Ball
2-1: Foul Ball, location: 2F
2-2: Strikes out swinging
Bottom of the 3rd over - 0 runs, 1 hit, 0 errors, 1 left on base; Elizabethton 2 - Oakland (APP) 3
TOP OF THE 4TH
Elizabethton Twins batting - Pitching for Oakland (APP) Athletics : RHP Brad Shafer
Batting: RHB Rick Kendall 0-0: Called Strike
0-1: Ball
1-1: Called Strike
1-2: Strikes out looking
Batting: RHB Andrew Rich 0-0: Called Strike
0-1: Ground out 4-3 (Groundball, 4D, EV 107.5 MPH)
Batting: RHB Alex Belton 0-0: Ball
1-0: Called Strike
1-1: Swinging Strike
1-2: Strikes out swinging wild pitch, reaches first!
Pitching: RHP Dan Johnson
Batting: SHB Nate Januchowski 0-0: Swinging Strike
0-1: Ball
Alex Belton is caught stealing 2nd base 2-6
Top of the 4th over - 0 runs, 0 hits, 0 errors, 0 left on base; Elizabethton 2 - Oakland (APP) 3
BOTTOM OF THE 4TH
Oakland (APP) Athletics batting - Pitching for Elizabethton Twins : LHP Kevin Drew
Batting: RHB Moses Brokken 0-0: Ball
1-0: Called Strike
1-1: Foul Ball, location: 2F
1-2: Ball
2-2: Ball
3-2: Base on Balls
Batting: RHB Manny Vizzerra 0-0: Ball
1-0: Ball
2-0: Ball
3-0: Base on Balls
Moses Brokken to second
Batting: LHB Miguel Torres 0-0: Ball
1-0: Called Strike
1-1: Ball
2-1: Called Strike
2-2: Foul Ball, location: 2F
2-2: Fielders Choice at 3rd, U5 (Groundball, 5L, EV 93.8 MPH)
Manny Vizzerra to second
Batting: RHB Zack DiCicco 0-0: Called Strike
0-1: Ball
1-1: Foul Ball, location: 2F
1-2: Fly out, F9 (Line Drive, 89M, EV 92.5 MPH)
Batting: SHB George Marshall 0-0: Ball
1-0: Ball
2-0: Called Strike
2-1: Fielders Choice at 2nd, 5-4 (Groundball, 56, EV 84.4 MPH)
Bottom of the 4th over - 0 runs, 0 hits, 0 errors, 2 left on base; Elizabethton 2 - Oakland (APP) 3
TOP OF THE 5TH
Elizabethton Twins batting - Pitching for Oakland (APP) Athletics : RHP Dan Johnson
Batting: SHB Nate Januchowski 0-0: Ball
1-0: Ball
2-0: Foul Ball, location: 2F
2-1: Ball
3-1: Fly out, F9 (Flyball, 9D, EV 95.0 MPH)
Batting: RHB Andrew Nicol 0-0: Ball
1-0: Called Strike
1-1: Called Strike
1-2: Ball
2-2: Strikes out swinging
Batting: SHB Dan Morataya 0-0: Ball
1-0: Ball
2-0: SINGLE (Line Drive, 7LS, EV 100.6 MPH)
Batting: LHB David Campbell 0-0: Called Strike
Dan Morataya steals 2nd, throwing error, E2
Dan Morataya to third
0-1: Ground out U3 (Groundball, 3, EV 81.9 MPH)
Top of the 5th over - 0 runs, 1 hit, 1 error, 1 left on base; Elizabethton 2 - Oakland (APP) 3
BOTTOM OF THE 5TH
Oakland (APP) Athletics batting - Pitching for Elizabethton Twins : LHP Kevin Drew
Batting: SHB Robert Santiago 0-0: Ball
1-0: Ground out 4-3 (Groundball, 4, EV 98.8 MPH)
Batting: RHB Matt Sherard 0-0: DOUBLE (Line Drive, 89M, EV 104.4 MPH)
Batting: RHB Scott Wiggs 0-0: Ball
1-0: Called Strike
1-1: Ball
2-1: Called Strike
2-2: Ball
3-2: Foul Ball, location: 2F
3-2: DOUBLE (Groundball, 5L, EV 100.0 MPH)
Matt Sherard scores
Batting: RHB Matt Black 0-0: Called Strike
0-1: Ball
1-1: Fly out, F8 (Flyball, 89D, EV 105.6 MPH)
Runner from 2nd tags up, SAFE at 3rd, no throw by CF
Batting: RHB Moses Brokken 0-0: SINGLE (Line Drive, 89M, EV 86.9 MPH)
Scott Wiggs scores
Pitching: LHP Stefano Traversoni
Batting: RHB Manny Vizzerra 0-0: Ball
Moses Brokken is caught stealing 2nd base 2-4
Bottom of the 5th over - 2 runs, 3 hits, 0 errors, 0 left on base; Elizabethton 2 - Oakland (APP) 5
TOP OF THE 6TH
Elizabethton Twins batting - Pitching for Oakland (APP) Athletics : RHP Dan Johnson
Batting: RHB Nick Phipps 0-0: Ball
1-0: Foul Ball, location: 2F
1-1: Ball
2-1: Ball
3-1: Hit by Pitch
Batting: LHB Jose Cotto Pickoff Throw to First - Out! 1-3
0-0: Called Strike
0-1: Foul Ball, location: 2F
0-2: Ground out U3 (Groundball, 3, EV 87.5 MPH)
Batting: RHB Rick Kendall 0-0: Foul Ball, location: 2F
0-1: Called Strike
0-2: Ball
1-2: Strikes out swinging
Top of the 6th over - 0 runs, 0 hits, 0 errors, 0 left on base; Elizabethton 2 - Oakland (APP) 5
BOTTOM OF THE 6TH
Oakland (APP) Athletics batting - Pitching for Elizabethton Twins : LHP Stefano Traversoni
Batting: RHB Manny Vizzerra 0-0: Swinging Strike
0-1: Foul Ball, location: 2F
0-2: Ball
1-2: SOLO HOME RUN (Flyball, 89XD, EV 102.5 MPH), Distance : 404 ft
Batting: LHB Miguel Torres 0-0: Called Strike
0-1: Foul Ball, location: 2F
0-2: Ball
1-2: Ball
2-2: Ball
3-2: SOLO HOME RUN (Line Drive, 89XD, EV 97.5 MPH), Distance : 393 ft
Batting: RHB Zack DiCicco 0-0: Ball
1-0: Ball
2-0: Ball
3-0: Base on Balls
Batting: SHB George Marshall 0-0: Ball
1-0: Fly out, F9 (Flyball, 9, EV 94.4 MPH)
Batting: SHB Robert Santiago 0-0: Ball
1-0: 2-RUN HOME RUN (Line Drive, 78XD, EV 101.2 MPH), Distance : 417 ft
Pitching: RHP Noah Davies
Batting: RHB Matt Sherard 0-0: Ball
1-0: Fly out, F9 (Flyball, 9, EV 94.4 MPH)
Batting: RHB Scott Wiggs 0-0: Ball
1-0: Called Strike
1-1: SOLO HOME RUN (Flyball, 9D, EV 92.5 MPH), Distance : 346 ft
Batting: RHB Matt Black 0-0: Foul Ball, location: 2F
0-1: Ball
1-1: Foul Ball, location: 2F
1-2: Ground out 5-3 (Groundball, 56S, EV 66.2 MPH)
Bottom of the 6th over - 5 runs, 4 hits, 0 errors, 0 left on base; Elizabethton 2 - Oakland (APP) 10
TOP OF THE 7TH
Elizabethton Twins batting - Pitching for Oakland (APP) Athletics : RHP Dan Johnson
Batting: RHB Andrew Rich 0-0: SINGLE (Groundball, 6S, EV 67.5 MPH) (infield hit)
Batting: RHB Alex Belton 0-0: Ball
1-0: Foul Ball, location: 2F
1-1: Foul Ball, location: 2F
1-2: Foul Ball, location: 2F
1-2: Strikes out swinging
Batting: SHB Nate Januchowski 0-0: Ball
1-0: Ball
2-0: Foul Ball, location: 2F
2-1: Foul Ball, location: 2F
2-2: Strikes out swinging
Batting: RHB Andrew Nicol 0-0: Ball
1-0: Ball
2-0: Called Strike
2-1: Foul Ball, location: 2F
2-2: DOUBLE (Line Drive, 5D, EV 104.4 MPH)
Andrew Rich to third
Runner from 3rd tries for Home, throw by LF and OUT! 7-6-2
Top of the 7th over - 0 runs, 2 hits, 0 errors, 1 left on base; Elizabethton 2 - Oakland (APP) 10
BOTTOM OF THE 7TH
Oakland (APP) Athletics batting - Pitching for Elizabethton Twins : RHP Noah Davies
Batting: RHB Moses Brokken 0-0: Called Strike
0-1: Ball
1-1: Ball
2-1: Ball
3-1: Called Strike
3-2: Base on Balls
Batting: RHB Manny Vizzerra 0-0: 2-RUN HOME RUN (Flyball, 9LD, EV 96.9 MPH), Distance : 351 ft
Batting: LHB Miguel Torres 0-0: Called Strike
0-1: Ball
1-1: Foul Ball, location: 2F
1-2: Ground out 4-3 (Groundball, 4, EV 76.2 MPH)
Pitching: RHP Jorge Corte
Batting: RHB Zack DiCicco 0-0: Fly out, F7 (Flyball, 7LM, EV 91.9 MPH)
Batting: SHB George Marshall 0-0: Foul Ball, location: 2F
0-1: Ground out 4-3 (Groundball, 34D, EV 101.9 MPH)
Bottom of the 7th over - 2 runs, 1 hit, 0 errors, 0 left on base; Elizabethton 2 - Oakland (APP) 12
TOP OF THE 8TH
Elizabethton Twins batting - Pitching for Oakland (APP) Athletics : RHP Dan Johnson
Batting: SHB Dan Morataya 0-0: Ball
1-0: Called Strike
1-1: Foul Ball, location: 2F
1-2: Fly out, F9 (Flyball, 9LS, EV 95.6 MPH)
Pinch Hitting: LHB Jiong Shui 0-0: Ball
1-0: Ball
2-0: Ball
3-0: Foul Ball, location: 2F
3-1: SINGLE (Flyball, 9LS, EV 83.8 MPH) - OUT at second base trying to stretch hit.
Batting: RHB Nick Phipps 0-0: Ball
1-0: Swinging Strike
1-1: Foul Ball, location: 2F
1-2: Ball
2-2: Ball
3-2: Fly out, F9 (Flyball, 9D, EV 103.8 MPH)
Top of the 8th over - 0 runs, 1 hit, 0 errors, 0 left on base; Elizabethton 2 - Oakland (APP) 12
BOTTOM OF THE 8TH
Oakland (APP) Athletics batting - Pitching for Elizabethton Twins : RHP Jorge Corte
Now at 1B: Jiong Shui
Batting: SHB Robert Santiago 0-0: Ball
1-0: SINGLE (Line Drive, 8LS, EV 92.5 MPH)
Batting: RHB Matt Sherard 0-0: Swinging Strike
0-1: Ball
1-1: Called Strike
1-2: Ball
Wild Pitch!
Robert Santiago to second
2-2: Ball
3-2: Base on Balls
Batting: RHB Scott Wiggs 0-0: Called Strike
0-1: Foul Ball, location: 2F
0-2: Ball
1-2: Ball
2-2: Foul Ball, location: 2F
2-2: 3-RUN HOME RUN (Line Drive, 7D, EV 102.5 MPH), Distance : 405 ft
Batting: RHB Matt Black 0-0: Foul Ball, location: 2F
0-1: Foul Ball, location: 2F
0-2: Ball
1-2: Foul Ball, location: 2F
1-2: Foul Ball, location: 2F
1-2: Ball
2-2: Ground out 6-3 (Groundball, 56, EV 90.6 MPH)
Pitching: RHP John Giffin
Batting: RHB Moses Brokken 0-0: Ball
1-0: Ball
2-0: Foul Ball, location: 2F
2-1: Ball
3-1: Base on Balls
Batting: RHB Manny Vizzerra 0-0: Ball
Pickoff Throw to First - Error! E1
Moses Brokken to second
1-0: Ball
Wild Pitch!
Moses Brokken to third
2-0: Ball
Wild Pitch!
Moses Brokken scores
3-0: Called Strike
3-1: Called Strike
3-2: Ground out 6-3 (Groundball, 56D, EV 83.1 MPH)
Batting: LHB Miguel Torres 0-0: Swinging Strike
0-1: Called Strike
0-2: Foul Ball, location: 2F
0-2: Ball
1-2: SINGLE (Line Drive, 5D, EV 102.5 MPH)
Batting: RHB Zack DiCicco 0-0: Ball
1-0: Ball
2-0: Ball
Wild Pitch!
Miguel Torres to second
3-0: Base on Balls
Batting: SHB George Marshall 0-0: Ball
1-0: SINGLE (Line Drive, 8LS, EV 106.2 MPH)
Miguel Torres to third
Zack DiCicco to second
Batting: SHB Robert Santiago 0-0: Ball
Wild Pitch!
Miguel Torres scores
Zack DiCicco to third
George Marshall to second
1-0: Ball
2-0: Foul Ball, location: 2F
2-1: DOUBLE (Flyball, 8RXD, EV 105.6 MPH)
Zack DiCicco scores
George Marshall scores
Pitching: RHP Keith Nix
Batting: RHB Matt Sherard 0-0: Called Strike
0-1: Fly out, F7 (Flyball, 7S, EV 87.5 MPH)
Bottom of the 8th over - 7 runs, 5 hits, 1 error, 1 left on base; Elizabethton 2 - Oakland (APP) 19
TOP OF THE 9TH
Elizabethton Twins batting - Pitching for Oakland (APP) Athletics : RHP Dan Johnson
Pitching: RHP Jake Gregor
Batting: LHB Jose Cotto 0-0: Called Strike
0-1: Swinging Strike
0-2: Strikes out swinging
Batting: RHB Rick Kendall 0-0: Ball
1-0: DOUBLE (Flyball, 89D, EV 88.8 MPH)
Batting: RHB Andrew Rich 0-0: Foul Ball, location: 2F
0-1: Ball
1-1: Ground out 6-3 (Groundball, 6, EV 86.9 MPH)
Batting: RHB Alex Belton 0-0: Ball
1-0: Ball
2-0: Ball
3-0: Called Strike
3-1: Reached on error, E5 (Groundball, 56, EV 108.8 MPH)
Rick Kendall scores
Batting: SHB Nate Januchowski 0-0: Swinging Strike
0-1: Ball
1-1: Foul Ball, location: 2F
1-2: Ball
2-2: Foul Ball, location: 2F
2-2: Foul Ball, location: 2F
2-2: Foul Ball, location: 2F
2-2: Foul Ball, location: 2F
2-2: Strikes out swinging
Top of the 9th over - 1 run, 1 hit, 1 error, 1 left on base; Elizabethton 3 - Oakland (APP) 19
Wednesday, June 22nd , 2022 - OOTP Baseball 23.4 Build 64